 Dungeon Crawl Stone Soup version 0.31-a0-1008-g5b978dac0e (webtiles) character file.

Game seed: 12177617679371177587

7 Malachi the Ruffian (level 1, 0/15 HPs)
             Began as a Demonspawn Shapeshifter on Nov 13, 2023.
             Slain by a goblin
             ... wielding a +0 dagger
              (4 damage)
             ... on level 1 of the Dungeon.
             The game lasted 00:00:09 (77 turns).

Malachi the Ruffian (Demonspawn Shapeshifter)         Turns: 77, Time: 00:00:09

Health: 0/15       AC:  2    Str: 14    XL:     1   Next: 83%
Magic:  1/1        EV: 12    Int: 11    God:
Gold:   0          SH:  0    Dex: 12    Spells: 0/0 levels left

rFire   . .          .
                       - Unarmed
rCold   . . .        (no shield)
rNeg    . . .        a - +0 animal skin
rPois   .            (helmet currently unavailable)
rElec   .            (cloak currently unavailable)
rCorr   .            (gloves currently unavailable)
SInv    .            (boots currently unavailable)
Will    .....        (no amulet)
Stlth   +            (no ring)
HPRegen 0.22/turn    (no ring)
MPRegen 0.07/turn

%: no passive effects
@: beast-form
A: beast (slay +1)
a: Begin Untransformation


You were on level 1 of the Dungeon.
You were a hulking beast.
You visited 1 branch of the dungeon, and saw 1 of its levels.

Inventory:

Armour
 a - a +0 animal skin (worn)
Talismans
 c - a beast talisman
 d - a flux talisman
Potions
 b - a potion of lignification


   Skills:
 - Level 1.0 Fighting
 - Level 1.7 Dodging
 + Level 2.9 Unarmed Combat
 + Level 2.9 Shapeshifting


You couldn't memorise any spells.
You didn't know any spells.
Your spell library was empty.

Dungeon Overview and Level Annotations

Branches:
Dungeon (1/15)

Altars:


Message History

You kill the dart slug!
No target in view!
HP restored.
You see here a dart slug corpse.
You see here 4 stones.
A ball python comes into view.
A ball python is nearby!
A ball python is nearby!
A ball python is nearby!
A ball python is nearby!
A goblin comes into view. It is wielding a +0 club.
The ball python hisses angrily.
The goblin shouts!
The goblin moves out of view.
A goblin comes into view. It is wielding a +0 dagger.
The goblin closely misses you.
You completely miss the goblin. The goblin closely misses you.
The ball python bites you but does no damage.
The ball python grabs you. The ball python constricts you.
You hit the ball python.
The ball python is heavily wounded.
The goblin hits you with a +0 dagger. The goblin hits you with a +0 club.
The ball python barely misses you. The ball python constricts you.
You punch the ball python!
You kill the ball python!
The goblin hits you with a +0 dagger. The goblin barely misses you.
You closely miss the goblin. The goblin hits you with a +0 dagger.
The goblin hits you but does no damage.
You barely miss the goblin. The goblin hits you with a +0 dagger.
The goblin barely misses you.
You are too injured to fight recklessly!
The goblin attacks as it pursues you! The goblin hits you but does no damage.
You are too injured to fight recklessly!
You are too injured to fight recklessly!
You are too injured to fight recklessly!
You hit the goblin.
The goblin is heavily wounded.
The goblin hits you with a +0 club.
* * * LOW HITPOINT WARNING * * *
The goblin hits you with a +0 dagger.
You die...

#.. +...+ #.#
#...# #.# #...#
#.###...#
#....(†.#
#####...###.#
...#...# #.#
#####.#...###.#
#+#
#.....hg......#
#.#
#.###g######.##
##'## #.......#
#.######...#
#.......#
#..'.'.'.<.'
#.........
########...#
#.##......#
##'## #.
#......# #.# #
#....... #+#
##...##.#


You could see 2 goblins.

Vanquished Creatures
  A dart slug (D:1)
  A ball python (D:1)
  2 endoplasms (D:1)
4 creatures vanquished.

Notes
Turn   | Place    | Note
-------+----------+-------------------------------------------
     0 | D:1      | Malachi the Demonspawn Shapeshifter began the quest for the
                  | Orb.
     0 | D:1      | Reached XP level 1. HP: 15/15 MP: 1/1
    77 | D:1      | Slain by a goblin

Illustrated notes

Levels and vault maps discovered:
D:1:      minmay_arrival_doors, layout_basic, hellmonk_ecumenical_altar_run_dry

Action                     || total
---------------------------++-------
  Melee: Unarmed           ||    14
         Punch             ||     1
 Armour: Animal skin       ||    14
  Dodge: Dodged            ||     6

Table legend: (Time is in decaauts)
 A = Elapsed time spent in this place.
 B = Non-inter-level travel time spent in this place.
 C = Inter-level travel time spent in this place.
 D = Time resting spent in this place.
 E = Time spent auto-exploring this place.
 F = Levels seen in this place.
 G = Mean time per level.
                   A        B        C        D        E       F      G
               +--------+--------+--------+--------+--------+-----+--------+
         Total |     76 |     76 |      0 |      0 |     52 |   1 |   76.0 |
       Dungeon |     76 |     76 |      0 |      0 |     52 |   1 |   76.0 |
               +--------+--------+--------+--------+--------+-----+--------+

Top non-repeatable levels by time:
     D:1: 76 daAuts
